 Dungeon Crawl Stone Soup version 0.28-a0-1038-g9c4cb8273d (webtiles) character file.

Game seed: 14448854528828268975

3033 siradein the Skirmisher (level 9, -11/79 HPs)
             Began as a Purple Draconian Fighter on Dec 8, 2021.
             Was a Follower of Yredelemnul.
             Mangled by an orc warlord (24 damage)
             ... in a bailey.
             The game lasted 00:25:24 (7532 turns).

siradein the Skirmisher (Purple Draconian Fighter)  Turns: 7532, Time: 00:25:25

Health: -11/79     AC: 11    Str: 23    XL:     9   Next: 56%
Magic:  12/12      EV: 14    Int:  9    God:    Yredelemnul [*.....]
Gold:   561        SH: 10    Dex: 13    Spells: 8/8 levels left

rFire   . . .      SeeInvis .   C - +2 flail (protect)
rCold   . . .      Faith    .   b - +0 buckler
rNeg    . . .      Spirit   .   (armour unavailable)
rPois   .          Reflect  +   m - +2 hat
rElec   .          Harm     .   (no cloak)
rCorr   .          Rampage  .   i - +1 pair of gloves {Dex+3}
Will    +....                   (no boots)
Stlth   +.........              u - amulet of reflection
HPRegen 0.23/turn               (no ring)
MPRegen 0.13/turn               (no ring)

@: short of breath
A: breathe power, AC +7, unfitting armour, cold-blooded
a: Breathe Dispelling Energy, Renounce Religion, Animate Remains


You were in a bailey.
You worshipped Yredelemnul.
Yredelemnul was aware of your devotion.
You visited 2 branches of the dungeon, and saw 9 of its levels.
You also visited: Bailey.

You collected 561 gold pieces.

Inventory:

Hand Weapons
 C - a +2 flail of protection (weapon)
Missiles
 k - 36 poisoned darts (quivered)
 o - 28 boomerangs
Armour
 b - a +0 buckler (worn)
 i - a +1 pair of gloves of dexterity (worn)
 m - a +2 hat (worn)
Jewellery
 e - a ring of ice
 j - a ring of fire
 n - a ring of ice
 u - an amulet of reflection (around neck)
 y - an amulet of magic regeneration
Wands
 s - a wand of digging (7)
Scrolls
 c - a scroll of fear
 g - 2 scrolls of enchant weapon
 h - 2 scrolls of vulnerability
 r - 2 scrolls of blinking
 t - 3 scrolls of teleportation {unknown}
 w - a scroll of enchant armour {unknown}
 x - 2 scrolls of noise {unknown}
 A - a scroll of silence {unknown}
 B - a scroll of amnesia {unknown}
Potions
 a - a potion of magic
 f - 3 potions of brilliance
 l - 2 potions of attraction
 p - 3 potions of mutation
 q - 3 potions of heal wounds
 v - 3 potions of invisibility


   Skills:
 + Level 7.3 Fighting
 + Level 6.2 Maces & Flails
 + Level 6.0 Dodging
 + Level 6.7 Shields
 + Level 4.4 Invocations
 + Level 4.6 Evocations


You had 8 spell levels left.
You didn't know any spells.
Your spell library contained the following spells:

 Spells                   Type           Power      Damage    Failure   Level
 Ensorcelled Hibernation  Hex/Ice        0%         N/A       52%         2
 Call Canine Familiar     Summ           0%         N/A       77%         3
 Dazzling Flash           Conj/Hex       0%         N/A       77%         3
 Portal Projectile        Hex/Tloc       0%         N/A       77%         3
 Spider Form              Tmut/Pois      0%         N/A       77%         3
 Leda's Liquefaction      Hex/Erth       0%         N/A       99%         4
 Agony                    Necr           0%         N/A       100%        5
 Freezing Cloud           Conj/Ice/Air   0%         6-21      100%        5
 Silence                  Hex/Air        0%         N/A       100%        5
 Simulacrum               Ice/Necr       0%         N/A       100%        6
 Polar Vortex             Ice            0%         N/A       100%        9


Dungeon Overview and Level Annotations

Branches:
Dungeon (8/15)             Temple (1/1) D:5          Bailey (1/1)
   Lair: D:8-11

Altars:
Ashenzari
Elyvilon
Gozag
Hepliaklqana
Kikubaaqudgha
Makhleb
Nemelex Xobeh
Qazlal
Ru
Sif Muna
Trog
Uskayaw
Xom
Yredelemnul
The Shining One

Annotations:
D:5 Prince Ribbit


Innate Abilities, Weirdness & Mutations

You can breathe bolts of dispelling energy.
Your rich purple scales are hard. (AC +7)
You cannot fit into any form of body armour.
You are cold-blooded and may be slowed by cold attacks.


Message History

The orc warlord is poisoned.
The orc warlord is lightly wounded.
The orc warlord hits you with a +0 broad axe!
Throw: 41 darts (poison)
Press: ? - help, Q - select action, (/) - cycle Shift-Dir - straight line, f/p - orc warlord
Aim: an orc warlord, wielding a +0 broad axe and wearing a +0 chain mail (moderately wounded, poisoned, 68% to hit)
You throw a poisoned dart. The poisoned dart hits the orc warlord.
The orc warlord looks even sicker.
The orc warlord is moderately wounded.
The orc warlord hits you with a +0 broad axe!
Throw: 40 darts (poison)
Press: ? - help, Q - select action, (/) - cycle Shift-Dir - straight line, f/p - orc warlord
Aim: an orc warlord, wielding a +0 broad axe and wearing a +0 chain mail (moderately wounded, very poisoned, 68% to hit)
You throw a poisoned dart. The poisoned dart hits the orc warlord.
The orc warlord looks even sicker.
The orc warlord is moderately wounded.
The orc warlord hits you with a +0 broad axe!
* * * LOW HITPOINT WARNING * * *
As you read the scroll of fear, it crumbles to dust.
You assume a fearsome visage.
The orc warlord looks frightened!
Throw: 39 darts (poison)
Press: ? - help, Q - select action, (/) - cycle Shift-Dir - straight line, f/p - orc warlord
Aim: an orc warlord, wielding a +0 broad axe and wearing a +0 chain mail (moderately wounded, fleeing, very poisoned, 68% to hit)
You throw a poisoned dart.
The poisoned dart closely misses the orc warlord.
Throw: 38 darts (poison)
Press: ? - help, Q - select action, (/) - cycle Shift-Dir - straight line, f/p - orc warlord
Aim: an orc warlord, wielding a +0 broad axe and wearing a +0 chain mail (moderately wounded, fleeing, very poisoned, 68% to hit)
You throw a poisoned dart. The poisoned dart hits the orc warlord.
Your attack snaps the orc warlord out of its fear.
The orc warlord is moderately wounded.
Throw: 37 darts (poison)
Press: ? - help, Q - select action, (/) - cycle Shift-Dir - straight line, f/p - orc warlord
Aim: an orc warlord, wielding a +0 broad axe and wearing a +0 chain mail (moderately wounded, very poisoned, 68% to hit)
You throw a poisoned dart. The poisoned dart hits the orc warlord.
The orc warlord looks as sick as possible!
The orc warlord is moderately wounded.
The orc warlord hits you with a +0 broad axe!!
You die...
Your body rises from the dead as a mindless zombie.

...##≈≈≈≈≈##.......##
....#≈≈≈≈≈#...8..8..##
....#≈≈≈≈≈#..........#
....'.....'..........#
..#########....).8...#
.##≈≈≈#≈≈≈####......##
.#≈}.....≈#≈≈#())..##
.#≈?........≈#(o))##
.##8.8...8.8≈##(@.#
..#g........≈≈'...#
..#g...∩....≈≈'...#
..#.........≈≈'...#
.##8.8...8.8≈##...#
.#≈!........≈#....##
.#≈:.....≈#≈≈#.....##
.##≈≈≈#≈≈≈####......##
..#########......8...#


You could see an orc warlord (extremely poisoned).

Vanquished Creatures
  2 steam dragons
  Pargi (D:3)
  A water moccasin (D:6)
  4 orc warriors
  2 sky beasts
  2 black bears
  An ice beast (D:6)
  An ogre (D:5)
  2 necrophages (D:6)
  2 phantoms
  A bullfrog (D:7)
  A scorpion (D:5)
  A water moccasin skeleton (D:5)
  3 wights (D:6)
  2 centaur zombies
  3 jellies
  A hound (D:5)
  5 orc priests
  2 centaur skeletons
  3 iguanas (D:5)
  10 orc wizards
  A scorpion zombie (D:5)
  A hound skeleton (D:5)
  A howler monkey zombie (D:7)
  A gnoll (Bailey)
  7 adders
  2 white imps
  3 worms
  2 dart slugs
  33 orcs
  13 bats
  8 endoplasms
  2 giant cockroaches
  15 goblins
  10 hobgoblins
  3 jackals (D:1)
  3 quokkas
  6 ball pythons
  4 frilled lizards
  21 kobolds
  4 rats
  A spectral hobgoblin (D:5)
191 creatures vanquished.

Vanquished Creatures (collateral kills)
  An orc (Bailey)
  A goblin (D:8)
2 creatures vanquished.

Vanquished Creatures (others)
  2 orc zombies (Bailey)
  A goblin zombie (Bailey)
  2 hobgoblin zombies (Bailey)
  4 kobold zombies (Bailey)
9 creatures vanquished.

Grand Total: 202 creatures vanquished

Notes
Turn   | Place    | Note
-------+----------+-------------------------------------------
     0 | D:1      | siradein the Draconian Fighter began the quest for the Orb.
     0 | D:1      | Reached XP level 1. HP: 19/19 MP: 1/1
   225 | D:1      | Reached XP level 2. HP: 26/26 MP: 2/2
   714 | D:1      | Reached XP level 3. HP: 33/33 MP: 3/3
  1357 | D:2      | Reached XP level 4. HP: 40/40 MP: 4/4
  1417 | D:2      | Reached skill level 4 in Fighting
  1761 | D:3      | Noticed Pargi
  1788 | D:3      | Killed Pargi
  1789 | D:3      | Reached XP level 5. HP: 31/47 MP: 5/5
  2758 | D:4      | Found a burning altar of Makhleb.
  2799 | D:4      | Reached XP level 6. HP: 53/53 MP: 6/6
  2800 | D:4      | Found a hide-covered altar of Uskayaw.
  2808 | D:4      | Found a shimmering blue altar of Sif Muna.
  3315 | D:5      | Entered Level 5 of the Dungeon
  3462 | D:5      | Reached skill level 5 in Fighting
  3590 | D:5      | Your scales start taking on a rich purple colour.
  3590 | D:5      | Reached XP level 7. HP: 37/61 MP: 7/7
  3854 | D:5      | Found a hazy altar of Hepliaklqana.
  3972 | D:5      | Found a staircase to the Ecumenical Temple.
  3982 | D:5      | Reached skill level 5 in Shields
  3985 | Temple   | Entered the Ecumenical Temple
  4023 | Temple   | Became a worshipper of Yredelemnul the Dark
  4073 | D:5      | Reached skill level 1 in Evocations
  4235 | D:5      | Found an opulent altar of Gozag.
  4282 | D:5      | Noticed Prince Ribbit
  4396 | D:5      | Reached skill level 1 in Invocations
  4589 | D:6      | Reached XP level 8. HP: 62/70 MP: 9/9
  4779 | D:6      | Reached skill level 6 in Fighting
  4789 | D:6      | Reached skill level 5 in Maces & Flails
  4795 | D:6      | Reached skill level 5 in Dodging
  5865 | D:7      | Reached XP level 9. HP: 70/78 MP: 11/11
  5926 | D:7      | Found a sparkling altar of Nemelex Xobeh.
  6159 | D:7      | Found a glowing golden altar of the Shining One.
  6539 | D:8      | Reached skill level 7 in Fighting
  6625 | D:7      | Reached * piety under Yredelemnul
  6985 | D:8      | Found a flagged portal.
  7002 | Bailey   | Entered a bailey
  7023 | Bailey   | Noticed an orc warlord
  7164 | Bailey   | Found a runed translucent gate.
  7165 | Bailey   | Found a runed translucent gate.
  7166 | Bailey   | Found a runed translucent gate.
  7532 | Bailey   | Mangled by an orc warlord

Illustrated notes

Levels and vault maps discovered:
D:1:      saegor_arrival_simple_a, layout_basic
D:2:      layout_loops_cross
D:3:      layout_rooms, grunt_ministairs_8, uniq_pargi
D:4:      layout_loops_ring, grunt_temple_overflow_open, dk_vineyard_1
D:5:      minmay_spotlight, layout_basic,
          nicolae_hepliaklqana_monster_ancestors, lemuel_crystal_altar,
          minmay_temple_entry_junction_2, uniq_grinder, uniq_prince_ribbit1
D:6:      layout_rooms, minmay_misc_feat_pillars, grunt_decor_fettered
D:7:      layout_loops_ring, mainiacjoe_overflow_catwalk,
          nemelex_xobeh_ov_fountains_minmay
D:8:      gammafunk_indiana_jones, layout_basic, enter_bailey_5,
          feat_on_display, uniq_pikel
Temple:   jpeg_temple_clearing
Bailey:   bailey_axe_bossmonster_kennysheep, bailey

Skill      XL: |  1  2  3  4  5  6  7  8  9 |
---------------+----------------------------+-----
Dodging        | 3 4 5 6 |  6.0
Fighting       | 4 5 6 7 |  7.3
Maces & Flails | 3 4 5 6 |  6.2
Shields        | 4 5 6 |  6.7
Evocations     | 2 3 4 |  4.6
Invocations    | 1 3 4 |  4.4

Action                   |  1- 3 |  4- 6 |  7- 9 || total
-------------------------+-------+-------+-------++-------
Melee: Flail             |   131 |    86 |    74 ||   291
       Tailslap          |     9 |    35 |    66 ||   110
       Mace              |       |   151 |   320 ||   471
Throw: Dart              |       |     5 |     6 ||    11
       Throwing net      |       |       |     1 ||     1
Invok: Animate Remains   |       |       |    12 ||    12
 Abil: Breathe Dispellin |       |       |    36 ||    36
  Use: Potion            |       |     1 |       ||     1
       Scroll            |       |       |    10 ||    10
 Stab: Sleeping          |     3 |     2 |       ||     5
       Held in net/web   |       |       |     1 ||     1
Armor: Skin              |    49 |    82 |   166 ||   297
Dodge: Dodged            |   106 |   136 |   174 ||   416
Block: Buckler           |    32 |    73 |   205 ||   310
       Reflection        |       |       |    26 ||    26

Table legend: (Time is in decaauts)
 A = Elapsed time spent in this place.
 B = Non-inter-level travel time spent in this place.
 C = Inter-level travel time spent in this place.
 D = Time resting spent in this place.
 E = Time spent auto-exploring this place.
 F = Levels seen in this place.
 G = Mean time per level.
                   A        B        C        D        E       F      G
               +--------+--------+--------+--------+--------+-----+--------+
         Total |   7682 |   7498 |    184 |    232 |   5245 |  10 |  768.2 |
       Dungeon |   7093 |   6909 |    184 |    232 |   4950 |   8 |  886.6 |
        Temple |     54 |     54 |      0 |      0 |     27 |   1 |   54.0 |
        Bailey |    534 |    534 |      0 |      0 |    268 |   1 |  534.0 |
               +--------+--------+--------+--------+--------+-----+--------+

Top non-repeatable levels by time:
     D:6: 1371 daAuts
     D:5: 1172 daAuts
     D:4: 928 daAuts
     D:1: 899 daAuts
     D:3: 815 daAuts
     D:7: 809 daAuts
     D:2: 753 daAuts
  Bailey: 534 daAuts
     D:8: 343 daAuts
  Temple: 54 daAuts
